 Dungeon Crawl Stone Soup version 0.28-a0-32-g8dfe7f97f6 (webtiles) character file.

Game seed: 18299101759514022195

93 robertstho the Magician (level 4, -4/31 HPs)
             Began as a Djinni Fire Elementalist on July 27, 2021.
             Slain by Sigmund (11 damage)
             ... on level 2 of the Dungeon.
             The game lasted 00:02:40 (2495 turns).

robertstho the Magician (Djinni Fire Elementalist)  Turns: 2495, Time: 00:02:40

Health: -4/31      AC:  4    Str:  7    XL:     4   Next: 92%
Gold:   29         EV: 12    Int: 18    God:
                   SH:  0    Dex: 13

rFire   + + .      SeeInvis .   h - +0 dagger (freeze)
rCold   x . .      Faith    .   (no shield)
rNeg    . . .      Spirit   .   a - +0 robe
rPois   ∞          Reflect  .   (no helmet)
rElec   .          Harm     .   d - +1 cloak
rCorr   .          Rampage  .   (no gloves)
Will    .....                   (boots unavailable)
Stlth   ++........              (no amulet)
HPRegen 0.10/turn               (no ring)
MPRegen 0.00/turn               (no ring)

@: flying
A: sickness immunity, fire resistance 2, cold vulnerability 1, float, innate
caster, hp casting, extra vitality 1
a: no special abilities


You were on level 2 of the Dungeon.
You visited 1 branch of the dungeon, and saw 2 of its levels.

You collected 29 gold pieces.

Inventory:

Hand Weapons
 c - a +0 short sword
 h - a +0 dagger of freezing (weapon)
Armour
 a - a +0 robe (worn)
 d - a +1 cloak (worn)


   Skills:
 + Level 2.5 Dodging
 + Level 1.9 Stealth
 + Level 3.8 Spellcasting


You couldn't memorise any spells.
You knew the following spells:

 Your Spells              Type           Power      Damage    Failure   Level
a - Foxfire               Conj/Fire      68%        2x1d7     3%          1
b - Conjure Flame         Conj/Fire      17%        6-21      9%          3
c - Inner Flame           Hex/Fire       17%        N/A       9%          3
d - Sticky Flame          Conj/Fire      17%        2d4       30%         4
e - Fireball              Conj/Fire      8%         3d6       63%         5
f - Corona                Hex            18%        N/A       3%          1
Your spell library was empty.

Dungeon Overview and Level Annotations

Branches:
Dungeon (2/15)

Altars:

Annotations:
D:2 Sigmund


Innate Abilities, Weirdness & Mutations

You are immune to sickness and miasma.
You are immune to poison.
Your flesh is very heat resistant. (rF++)
You are vulnerable to cold. (rC-)
You float through the air rather than walking.
You learn spells naturally, not from books.
Your magical power is your life essence.
You have superior vitality. (+4 HP)


Message History

Sigmund hits you from afar with a +2 scythe of venom!
* * * LOW HITPOINT WARNING * * *
Casting: Foxfire (safe; 3% risk of failure)
Press: ? - help, Q - select action, (/) - cycle Dir - look around, f - activate You conjure some foxfire!
* * * LOW HITPOINT WARNING * * *
The foxfire hits Sigmund.
Sigmund is moderately wounded.
The foxfire hits Sigmund.
Sigmund is moderately wounded.
Sigmund barely misses you.
The foxfire hits Sigmund but does no damage.
Sigmund is moderately wounded.
Unknown command.
The foxfire hits Sigmund.
Sigmund is heavily wounded.
The foxfire hits Sigmund.
Sigmund is severely wounded.
Unknown command.
You aren't carrying any items that you can evoke.
As you read the scroll labelled IBUEQO GOIDEO, it crumbles to dust.
You speak a Word of immense power!
It was a scroll of holy word.
Sigmund closely misses you.
Casting: Foxfire (safe; 3% risk of failure)
Press: ? - help, Q - select action, (/) - cycle Dir - look around, f - activate You conjure some foxfire!
* * * LOW HITPOINT WARNING * * *
Sigmund closely misses you.
Unknown command.
The foxfire hits Sigmund.
Sigmund is almost dead.
The foxfire hits Sigmund.
Sigmund is almost dead.
Unknown command.
Casting: Foxfire (safe; 3% risk of failure)
Press: ? - help, Q - select action, (/) - cycle Dir - look around, f - activate You conjure some foxfire!
* * * LOW HITPOINT WARNING * * *
Sigmund hits you from afar with a +2 scythe of venom!
You die...

#.# #.# #.#
#.# .. #.#
#. #÷# ..
#.# #.# #.#
######v####
#....v@§..##
#.####..@..#
####..# .>#
..# ... ..##
..# ..#


You could see Sigmund (ally target).

Vanquished Creatures
  Natasha (D:2)
  2 adders (D:2)
  3 dart slugs (D:1)
  7 endoplasms
  A giant cockroach (D:2)
  3 goblins (D:1)
  6 hobgoblins
  2 jackals (D:2)
  A kobold (D:1)
  2 quokkas (D:1)
  5 ball pythons
  3 bats
  3 frilled lizards (D:1)
  A rat (D:1)
40 creatures vanquished.

Vanquished Creatures (others)
  204 foxfires
204 creatures vanquished.

Grand Total: 244 creatures vanquished

Notes
Turn   | Place    | Note
-------+----------+-------------------------------------------
     0 | D:1      | robertstho the Djinni Fire Elementalist began the quest for
                  | the Orb.
     0 | D:1      | Reached XP level 1. HP: 15/15 MP: 0/0
   187 | D:1      | Reached XP level 2. HP: 17/21 MP: 0/0
   708 | D:1      | Reached skill level 3 in Spellcasting
   710 | D:1      | Reached XP level 3. HP: 14/25 MP: 0/0
   710 | D:1      | Learned a level 1 spell: Corona
  1029 | D:1      | Found a faded altar of an unknown god.
  2004 | D:2      | Reached XP level 4. HP: 16/31 MP: 0/0
  2237 | D:2      | Noticed Natasha
  2265 | D:2      | Killed Natasha
  2485 | D:2      | Noticed Sigmund
  2495 | D:2      | Slain by Sigmund

Illustrated notes

Levels and vault maps discovered:
D:1:      tarquinn_simple_flora_water_b, layout_basic,
          chequers_ecumenical_altar_grove, serial_park_tiny_1
D:2:      layout_loops_ring, uniq_sigmund, uniq_terence, uniq_robin,
          uniq_natasha

Skill      XL: |  1  2 |
---------------+-------+-----
Spellcasting   | 3 |  3.8
Dodging        | |  2.5
Stealth        | |  1.9

Action                   |  1- 3 |  4- 6 || total
-------------------------+-------+-------++-------
 Cast: Foxfire           |    88 |    28 ||   116
  Use: Scroll            |     6 |     1 ||     7
Armor: Robe              |     3 |     6 ||     9
Dodge: Dodged            |     5 |    17 ||    22

Table legend: (Time is in decaauts)
 A = Elapsed time spent in this place.
 B = Non-inter-level travel time spent in this place.
 C = Inter-level travel time spent in this place.
 D = Time resting spent in this place.
 E = Time spent auto-exploring this place.
 F = Levels seen in this place.
 G = Mean time per level.
                   A        B        C        D        E       F      G
               +--------+--------+--------+--------+--------+-----+--------+
         Total |   2495 |   2476 |     19 |    688 |   1542 |   2 | 1247.5 |
       Dungeon |   2495 |   2476 |     19 |    688 |   1542 |   2 | 1247.5 |
               +--------+--------+--------+--------+--------+-----+--------+

Top non-repeatable levels by time:
     D:1: 2203 daAuts
     D:2: 292 daAuts
